 Dungeon Crawl Stone Soup version 0.22-a0-367-gb72a975 (webtiles) character file.

247 khargal the Shield-Bearer (level 6, -1/38 HPs)
             Began as a Gargoyle Fighter on Apr 22, 2018.
             Killed by divine providence
             ... invoked by an orc priest
              (11 damage)
             ... on level 3 of the Dungeon.
             The game lasted 00:03:12 (1728 turns).

khargal the Shield-Bearer (Gargoyle Fighter)        Turns: 1728, Time: 00:03:13

Health: -1/38      AC: 11    Str: 21    XL:     6   Next: 11%
Magic:  6/6        EV: 11    Int:  8    God:
Gold:   66         SH:  9    Dex: 10    Spells: 5/5 levels left

rFire    . . .     SeeInvis .   a - +0 flail
rCold    . . .     Gourm    .   c - +0 shield
rNeg     + . .     Faith    .   b - +0 scale mail
rPois    ∞         Spirit   .   (no helmet)
rElec    +         Reflect  .   (no cloak)
rCorr    .         Harm     .   (no gloves)
MR       .....                  (no boots)
Stlth    +.........             (no amulet)
HPRegen  0.12/turn              k - +4 ring of evasion
MPRegen  0.10/turn              q - ring of stealth

@: no status effects
A: negative energy resistance 1, electricity resistance, unbreathing,
petrification resistance, rot immunity, AC +4
a: no special abilities


You were on level 3 of the Dungeon.
You were not hungry.

You visited 1 branch of the dungeon, and saw 3 of its levels.

You collected 66 gold pieces.

Inventory:

Hand Weapons
 a - a +0 flail (weapon)
Armour
 b - a +0 scale mail (worn)
 c - a +0 shield (worn)
Jewellery
 k - a +4 ring of evasion (left hand)
 q - a ring of stealth (right hand)
Scrolls
 e - 2 scrolls of teleportation {unknown}
 h - a scroll of remove curse
 i - a scroll of fear
 j - 2 scrolls of identify
 n - a scroll of enchant weapon {unknown}
 o - a scroll of random uselessness {unknown}
 p - a scroll of immolation {unknown}
Potions
 d - a potion of might
 l - 2 potions of heal wounds {unknown}
 m - a potion of curing {unknown}
Comestibles
 f - 4 rations
 g - 7 chunks of flesh


   Skills:
 + Level 4.1 Fighting
 + Level 4.3 Maces & Flails
 + Level 4.1 Armour
 + Level 4.6 Shields


You had 5 spell levels left.
You didn't know any spells.

Dungeon Overview and Level Annotations

Branches:
Dungeon (3/15)

Altars:


Innate Abilities, Weirdness & Mutations

You are resistant to torment.
Your stone body is resilient. (AC +4)
You are immune to poison.
You resist negative energy. (rN+)
You are resistant to electric shocks. (rElec)
You can survive without breathing.
You are immune to petrification.
You are immune to rotting.


Message History

You are too injured to fight recklessly!
You are too injured to fight recklessly!
You are too injured to fight recklessly!
You are too injured to fight recklessly!
You are too injured to fight recklessly!
You are too injured to fight recklessly!
You are too injured to fight recklessly!
You are too injured to fight recklessly!
You are too injured to fight recklessly!
Unknown command.
You closely miss the orc.
The orc is severely wounded.
The orc hits you but does no damage.
You sock the orc!
You kill the orc!
The orc barely misses you.
You barely miss the orc.
The orc priest invokes the aid of Beogh against you.
Beogh smites you!
You die...

#.....# ..
###.### ...
##.## ....
#####...###
.<#
.......#.)..
.).
######...###
#.# ##.## #
#)###### #.#
# #oo@..#
#.# #
#)####.#
##.#### #.#
# #....<.
..o #..####
... #..#
#... #..#
#.# #.


You could see an orc priest and an orc.

Vanquished Creatures
  A centaur (D:2)
  7 adders
  3 gnolls (D:3)
  2 worms
  A dart slug (D:1)
  3 leopard geckos
  3 orcs (D:3)
  5 bats
  2 giant cockroaches
  10 hobgoblins
  10 jackals
  2 kobolds
  A quokka (D:2)
  A ball python (D:1)
  2 frilled lizards (D:1)
  6 goblins
  9 rats
68 creatures vanquished.

Notes
Turn   | Place    | Note
-------+----------+-------------------------------------------
     0 | D:1      | khargal the Gargoyle Fighter began the quest for the Orb.
     0 | D:1      | Reached XP level 1. HP: 14/14 MP: 1/1
   133 | D:1      | Reached XP level 2. HP: 19/19 MP: 2/2
   482 | D:1      | Reached XP level 3. HP: 23/23 MP: 3/3
   829 | D:2      | Reached XP level 4. HP: 29/29 MP: 4/4
   951 | D:2      | Noticed a centaur
   968 | D:2      | Killed a centaur
   968 | D:2      | Reached XP level 5. HP: 22/33 MP: 5/5
  1712 | D:3      | Reached XP level 6. HP: 24/38 MP: 6/6
  1728 | D:3      | Killed from afar by an orc priest

Vault maps used:
D:1:      grunt_arrival_lava_bath
D:3:      nicolae_overflow_hidden_temple

Skill      XL: |  1  2  3  4  5 |
---------------+----------------+-----
Shields        | 4 |  4.6
Maces & Flails | 3 4 |  4.3
Fighting       | 4 |  4.1
Armour         | 4 |  4.1

Action                   |  1- 3 |  4- 6 || total
-------------------------+-------+-------++-------
Melee: Flail             |    92 |   122 ||   214
  Use: Scroll            |     4 |       ||     4
  Eat: Chunk             |       |     3 ||     3
Armor: Scale mail        |    41 |    41 ||    82
Dodge: Dodged            |    40 |    59 ||    99
Block: Shield            |    36 |    69 ||   105

Table legend:
 A = Spawn XP
 B = Non-spawn XP
 C = Spawn XP percentage of total XP
 D = Spawn monster count
 E = Non-spawn monster count
 F = Spawn count percentage of total count
 G = Total turns spent on level
                    A         B        C        D         E        F      G
               +---------+---------+-------+---------+---------+-------+---------
         Total |       0 |     354 |   0.0 |       0 |      68 |   0.0 |  1728
               +---------+---------+-------+---------+---------+-------+---------
           D:1 |       0 |      48 |   0.0 |       0 |      27 |   0.0 |   729
           D:2 |       0 |     216 |   0.0 |       0 |      27 |   0.0 |   911
           D:3 |       0 |      90 |   0.0 |       0 |      14 |   0.0 |    88
               +---------+---------+-------+---------+---------+-------+---------
